 Dungeon Sprint DCSS version 0.29-a0-813-g4a14ea37d6 (webtiles) character file.

Game seed: 2103023758504534136

1167 mhtbhm the Unseen (level 8, -1/32 (36) HPs)
             Began as a Spriggan Enchanter on July 4, 2022.
             Was a Believer of Dithmenos.
             Slain by Josephine
             ... wielding a +1 dagger of draining
              (2 damage)
             ... in the Dungeon (Sprint III: "The Ten Rune Challenge").
             The game lasted 00:02:41 (1092 turns).

mhtbhm the Unseen (Spriggan Enchanter)              Turns: 1092, Time: 00:02:42

HP:   -1/32 (36)    AC:  2    Str:  4    XL:     8   Next: 17%
MP:   15/21         EV: 22    Int: 16    God:    Dithmenos [**....]
Gold: 47            SH:  0    Dex: 18    Spells: 12/23 levels left

rFire   . . .      SeeInvis +   a - +1 dagger
rCold   . . .      Faith    .   (no shield)
rNeg    . . .      Spirit   .   b - +0 robe
rPois   .          Reflect  .   (helmet restricted)
rElec   .          Harm     .   (no cloak)
rCorr   .          Rampage  .   (gloves unavailable)
Will    +....      NoTele   +   (boots unavailable)
Stlth   +++++++++.              (no amulet)
HPRegen 0.10/turn               (no ring)
MPRegen 0.17/turn               (no ring)

@: confusing by touch, wreathed by umbra, heavily drained, very quick
A: very small, no large weapons, unfitting armour, see invisible, speed 3
a: Renounce Religion, Shadow Step


You were in the Dungeon.
You worshipped Dithmenos.
Dithmenos was pleased with you.
You visited 1 branch You collected 47 gold pieces.

Inventory:

Hand Weapons
 a - a +1 dagger (weapon)
Armour
 b - a +0 robe (worn)
Scrolls
 i - a scroll of blinking
 k - a scroll of torment {unknown}
 l - 2 scrolls of identify {unknown}
 o - a scroll of immolation {unknown}
Potions
 c - 2 potions of invisibility
 d - 2 potions of curing
 e - a potion of heal wounds
 f - a potion of haste
 g - 2 potions of magic
 h - 2 potions of berserk rage
 j - 2 potions of mutation {unknown}
 m - a potion of resistance {unknown}
 n - 4 potions of flight
 p - a potion of lignification {unknown}
 q - a potion of might


   Skills:
 + Level 0.1 Fighting
 + Level 4.7 Short Blades
 + Level 7.4 Dodging
 + Level 18.1 Stealth
 + Level 8.1 Spellcasting
 + Level 0.1 Conjurations
 + Level 11.6 Hexes
 + Level 1.0 Ice Magic
 * Level 3.2 Invocations


You had 12 spell levels left.
You knew the following spells:

 Your Spells              Type           Power      Damage    Failure   Level
a - Ensorcelled Hibernat  Hex/Ice        52%        N/A       1%          2
b - Confusing Touch       Hex            43%        N/A       1%          3
c - Tukima's Dance        Hex            43%        N/A       1%          3
d - Dazzling Flash        Conj/Hex       50%        N/A       3%          3

Your spell library contained the following spells:

 Spells                   Type           Power      Damage    Failure   Level
 Sandblast                Erth           12%        2d6       11%         1
 Passwall                 Tmut/Erth      5%         N/A       17%         2
 Stone Arrow              Conj/Erth      12%        3d7       32%         3


Dungeon Overview and Level Annotations

Branches:
Dungeon (1/1)

Altars:
Cheibriados
Dithmenos
Elyvilon
Fedhas
Gozag
Hepliaklqana
Kikubaaqudgha
Makhleb
Nemelex Xobeh
Okawaru
Qazlal
Ru
Sif Muna
Trog
Uskayaw
Vehumet
Wu Jian
Xom
Yredelemnul
Zin
The Shining One
Jiyva
Lugonu

Annotations:
D Josephine


Innate Abilities, Weirdness & Mutations

You are very small and have problems with some larger weapons.
You are too small for most types of armour.
You have supernaturally acute eyesight. (SInv)
You cover ground extremely quickly. (Speed+++)


Message History

Your hands stop glowing.
There is a hazy altar of Hepliaklqana here.
There is a snail-covered altar of Cheibriados here.
There is an open door here.
You close the door.
You start resting.
Magic restored.
You start resting.
You start resting.
You start resting.
You start resting.
HP restored.
You open the door.
There is an open door here.
Josephine the Decaying Necromancer comes into view.
She is wielding a +1 dagger of draining.
You enter the shallow water.
Moving in this stuff is going to be slow.
Josephine shouts!
Casting: Confusing Touch (safe; 1% risk of failure)
Confirm with . or Enter, or press ? or * to list all spells.
Casting: Dazzling Flash (dangerous; 3% risk of failure)
Press: ? - help, Dir - look around, f - activate Josephine is dazzled.
Unknown command.
Casting: Dazzling Flash (dangerous; 3% risk of failure)
Confirm with . or Enter, or press ? or * to list all spells.
You don't know that spell.
Casting: Dazzling Flash (dangerous; 3% risk of failure)
Confirm with . or Enter, or press ? or * to list all spells.
Your hands begin to glow red.
Josephine points at you and mumbles some strange words.
The ghostly flame explodes!
The ghostly fireball engulfs you!!
You feel drained.
Ouch! That really hurt!
* * * LOW HITPOINT WARNING * * *
The ghostly fireball engulfs Josephine.
Josephine completely resists.
Josephine hits you with a +1 dagger of draining.
* * * LOW HITPOINT WARNING * * *
You feel drained.
You die...

.#)..#__)#._#
.###'#'###)##
.#..........#
.'.⌠........#
.#...######'#
.#.⌠.#v_#...#+#####
.#...#__#...#..≈≈≈+
.#'###__#...#.#§≈§#
.#)..#__#...'.#@@§#
.#___#__+...#.#§.§#
▓▓▓▓▓▓▓▓▓▓▓▓▓▓▓▓▓▓▓


You could see Josephine (blind).

Vanquished Creatures
  A deep elf pyromancer (D)
  A shadow (D)
  A necrophage (D)
  A water elemental (D)
  A scorpion (D)
  A jelly (D)
  A wizard (D)
  Jessica (D)
  A necromancer (D)
  3 humans (D)
  A kobold demonologist (D)
  An endoplasm (D)
  A rat (D)
15 creatures vanquished.

Notes
Turn   | Place    | Note
-------+----------+-------------------------------------------
     0 | D        | mhtbhm the Spriggan Enchanter began the quest for the Orb.
     0 | D        | Reached XP level 1. HP: 9/9 MP: 5/5
    19 | D        | Reached skill level 5 in Stealth
   208 | D        | Noticed Jessica
   211 | D        | Killed Jessica
   212 | D        | Reached skill level 7 in Stealth
   212 | D        | Reached skill level 5 in Hexes
   212 | D        | Reached XP level 2. HP: 13/13 MP: 5/7
   224 | D        | Learned a level 2 spell: Ensorcelled Hibernation
   253 | D        | Reached XP level 3. HP: 9/16 MP: 5/9
   395 | D        | Learned a level 3 spell: Confusing Touch
   399 | D        | Learned a level 3 spell: Tukima's Dance
   408 | D        | Noticed a scorpion
   415 | D        | Killed a scorpion
   416 | D        | Reached skill level 9 in Stealth
   416 | D        | Reached XP level 4. HP: 21/21 MP: 9/11
   424 | D        | Learned a level 3 spell: Dazzling Flash
   447 | D        | Noticed a water elemental
   450 | D        | Killed a water elemental
   451 | D        | Reached skill level 10 in Stealth
   451 | D        | Reached skill level 5 in Spellcasting
   451 | D        | Reached XP level 5. HP: 24/24 MP: 11/13
   471 | D        | Found a shadowy altar of Dithmenos.
   479 | D        | Reached skill level 5 in Dodging
   479 | D        | Reached skill level 11 in Stealth
   479 | D        | Found a basalt altar of Yredelemnul.
   479 | D        | Found a sacrificial altar of Ru.
   483 | D        | Reached skill level 12 in Stealth
   689 | D        | Found a glowing silver altar of Zin.
   690 | D        | Found a glowing golden altar of the Shining One.
   690 | D        | Found a white marble altar of Elyvilon.
   690 | D        | Noticed a deep elf pyromancer
   692 | D        | Killed a deep elf pyromancer
   693 | D        | Reached skill level 16 in Stealth
   693 | D        | Reached XP level 6. HP: 28/28 MP: 14/17
   693 | D        | Reached XP level 7. HP: 32/32 MP: 15/19
   710 | D        | Became a worshipper of Dithmenos the Shadowed
   717 | D        | Found a hide-covered altar of Uskayaw.
   717 | D        | Found an iron altar of Okawaru.
   718 | D        | Found a bloodstained altar of Trog.
   718 | D        | Found an ornate altar of the Wu Jian Council.
   718 | D        | Noticed a human
   718 | D        | Noticed a human
   720 | D        | Killed a human
   721 | D        | Reached skill level 1 in Ice Magic
   721 | D        | Reached skill level 1 in Invocations
   721 | D        | Killed a human
   722 | D        | Reached skill level 17 in Stealth
   736 | D        | Found a radiant altar of Vehumet.
   737 | D        | Found a shimmering blue altar of Sif Muna.
   737 | D        | Found an ancient bone altar of Kikubaaqudgha.
   739 | D        | Reached * piety under Dithmenos
   792 | D        | Noticed a shadow
   804 | D        | Killed a shadow
   805 | D        | Reached skill level 18 in Stealth
   805 | D        | Reached XP level 8. HP: 28/36 MP: 17/21
   877 | D        | Reached ** piety under Dithmenos
   880 | D        | Found a blossoming altar of Fedhas.
   880 | D        | Found a stormy altar of Qazlal.
   881 | D        | Found a snail-covered altar of Cheibriados.
   881 | D        | Found a burning altar of Makhleb.
   881 | D        | Found a hazy altar of Hepliaklqana.
   881 | D        | Found a shimmering altar of Xom.
   881 | D        | Found an opulent altar of Gozag.
   881 | D        | Found a sparkling altar of Nemelex Xobeh.
   881 | D        | Found a corrupted altar of Lugonu.
   881 | D        | Found a viscous altar of Jiyva.
  1088 | D        | Noticed Josephine
  1092 | D        | HP: 1/33 [Josephine/+1 dagger of draining (6)]
  1092 | D        | Slain by Josephine

Illustrated notes

Levels and vault maps discovered:
D:        dungeon_sprint_mu [sprint_mu_entry_forest, sprint_mu_temple_rooms,
          sprint_mu_d1_horrors, sprint_mu_d2_genie, sprint_mu_d3_branching,
          sprint_mu_orc_legion, sprint_mu_elf_gauntlet, sprint_mu_hive_nellie,
          sprint_mu_lair_fedhas, sprint_mu_vaults_butterflies,
          sprint_mu_slime_circle, sprint_mu_swamp_cave, sprint_mu_shoals_kraken,
          sprint_mu_blade_basic, sprint_mu_crypt_fortress,
          sprint_mu_tomb_spiral, sprint_mu_vestibule_basic,
          sprint_mu_gehenna_hellfire, sprint_mu_dis_giant,
          sprint_mu_tartarus_statrot, sprint_mu_cocytus_islands, sprint_mu_zot1]

Skill      XL: |  1  2  3  4  5  6  7 |
---------------+----------------------+-----
Hexes          | 5 6 7 8 11 | 11.6
Stealth        | 7 9 10 16 18 | 18.1
Dodging        | 3 4 7 |  7.4
Spellcasting   | 3 4 5 7 8 |  8.1
Short Blades   | 2 4 |  4.7
Ice Magic      | 1 |  1.0
Invocations    | 3 |  3.2
Fighting       | |  0.1
Conjurations   | |  0.1

Action                   |  1- 3 |  4- 6 |  7- 9 || total
-------------------------+-------+-------+-------++-------
Melee: Dagger            |    10 |    10 |    25 ||    45
       Punch             |       |       |     1 ||     1
 Cast: Ensorcelled Hiber |     1 |       |       ||     1
       Confusing Touch   |       |     1 |     4 ||     5
       Dazzling Flash    |       |     1 |     2 ||     3
 Stab: Sleeping          |     4 |     2 |     3 ||     9
       Confused          |       |     2 |     2 ||     4
       Invisible         |       |     1 |     1 ||     2
Dodge: Dodged            |     3 |     4 |     6 ||    13

Table legend: (Time is in decaauts)
 A = Elapsed time spent in this place.
 B = Non-inter-level travel time spent in this place.
 C = Inter-level travel time spent in this place.
 D = Time resting spent in this place.
 E = Time spent auto-exploring this place.
 F = Levels seen in this place.
 G = Mean time per level.
                   A        B        C        D        E       F      G
               +--------+--------+--------+--------+--------+-----+--------+
         Total |   1007 |   1007 |      0 |    800 |      0 |   1 | 1007.0 |
       Dungeon |   1007 |   1007 |      0 |    800 |      0 |   1 | 1007.0 |
               +--------+--------+--------+--------+--------+-----+--------+

Top non-repeatable levels by time:
       D: 1007 daAuts
